 Dungeon Crawl Stone Soup version 0.31.0-11-ge490571c62 (webtiles) character file.

Game seed: 3881992451700203975

8838 mopl the Toxicologist (level 11, -4/84 HPs)
             Began as a Formicid Alchemist on Feb 7, 2024.
             Was a High Priest of Cheibriados.
             Killed by divine providence
             ... invoked by an orc high priest
              (9 damage)
             ... on level 1 of the Orcish Mines.
             The game lasted 00:13:44 (6392 turns).

mopl the Toxicologist (Formicid Alchemist)          Turns: 6392, Time: 00:13:44

Health: -4/84      AC: 12    Str: 24    XL:     11   Next: 63%
Magic:  7/17       EV: 17    Int: 36    God:    Cheibriados [*****.]
Gold:   317        SH:  0    Dex: 26    Spells: 6/16 levels left

rFire   . . .        a - +6 hand axe of the Eel {drain, *Noise rN+ Int+4}
rCold   . . .        (no shield)
rNeg    + . .        P - +0 swamp dragon scales
rPois   +            (helmet unavailable)
rElec   .            k - +2 cloak
rCorr   .            (no gloves)
SInv    +            (no boots)
Will    +....        (no amulet)
Stlth   ++           l - ring of wizardry
HPRegen 0.34/turn    A - ring of poison resistance
MPRegen 0.15/turn

%: wizardry (x1)
@: very slow
A: permanent stasis, dig shafts and tunnels, antennae 3, four strong arms
a: Dig, Shaft Self, Renounce Religion, Bend Time, Temporal Distortion, Slouch,
Step From Time


You were on level 1 of the Orcish Mines.
You worshipped Cheibriados.
Cheibriados was extremely pleased with you.
You visited 2 branches of the dungeon, and saw 10 of its levels.

You collected 518 gold pieces.
You spent 201 gold pieces at shops.

Inventory:

Hand Weapons
 a - the +6 hand axe of the Eel (weapon) {drain, *Noise rN+ Int+4}
   (You found it on level 4 of the Dungeon)

   Int+4:     It affects your intelligence (+4).
   rN+:       It protects you from negative energy.
   *Noise:    It may make a loud noise when swung.
 n - a +0 short sword of protection
 s - a +0 war axe
 D - the +3 sling of Hasmaeh {flame, *Corrode Fly rElec Str+8}
   (You found it on level 6 of the Dungeon)

   Str+8:     It affects your strength (+8).
   rElec:     It insulates you from electricity.
   Fly:       It grants you flight.
   *Corrode:  It may corrode you when you take damage.
 F - a +0 battleaxe
Missiles
 f - 36 poisoned darts
 j - 7 boomerangs
 K - 2 curare-tipped darts
 Q - 4 javelins
Armour
 k - a +2 cloak (worn)
 y - a +0 troll leather armour
 G - a +0 plate armour
 L - +0 steam dragon scales
 P - +0 swamp dragon scales (worn)
Jewellery
 l - a ring of wizardry (left hand)
 A - a ring of poison resistance (right hand)
Wands
 d - a wand of mindburst (15)
 I - a wand of roots (24)
 M - a wand of charming (5)
 N - a wand of flame (15)
 O - a wand of polymorph (4)
Scrolls
 c - 2 scrolls of vulnerability
 e - a scroll of enchant armour {unknown}
 g - a scroll of summoning {unknown}
 i - 6 scrolls of teleportation {unknown}
 q - a scroll of blinking {unknown}
 t - 2 scrolls of revelation {unknown}
 v - 3 scrolls of poison {unknown}
 x - 4 scrolls of fear {unknown}
 z - a scroll of noise {unknown}
 C - a scroll of silence
 E - 2 scrolls of amnesia {unknown}
 H - 3 scrolls of enchant weapon {unknown}
 J - 3 scrolls of immolation {unknown}
Potions
 b - 4 potions of magic
 h - 2 potions of might
 m - a potion of resistance
 o - 7 potions of heal wounds {unknown}
 p - 4 potions of brilliance
 r - 5 potions of curing
 u - 6 potions of attraction
 w - a potion of invisibility
 B - a potion of cancellation


   Skills:
 + Level 7.5 Fighting
 + Level 6.9 Axes
 + Level 7.6 Armour
 + Level 6.6 Dodging
 - Level 2.4 Stealth
 - Level 3.0 Spellcasting
 - Level 1.0 Conjurations
 + Level 10.4 Alchemy
 + Level 8.1 Invocations
 + Level 1.0 Evocations


You had 6 spell levels left.
You knew the following spells:

 Your Spells              Type           Power      Damage    Failure   Level
a - Sting                 Conj/Alch      100%       1d9       1%          1
o - Olgreb's Toxic Radia  Alch           69%        N/A       1%          4
y - Yara's Violent Unrav  Hex/Alch       21%        3d10      9%          5

Your spell library contained the following spells:

 Spells                   Type           Power      Damage    Failure   Level
 Cigotuvi's Dreadful Rot  Necr/Alch/Air  60%        N/A       1%          2
 Mercury Vapours          Alch/Air       86%        N/A       1%          2
 Mephitic Cloud           Conj/Alch/Air  32%        N/A       1%          3
 Sticky Flame             Fire/Alch      43%        2d8       3%          4
 Tukima's Dance           Hex            5%         N/A       9%          3
 Iskenderun's Mystic Bla  Conj/Tloc      9%         2d4       22%         4
 Dimensional Bullseye     Hex/Tloc       2%         N/A       26%         4
 Dispel Undead            Necr           5%         3d7       26%         4
 Martyr's Knell           Necr/Summ      5%         N/A       26%         4
 Passage of Golubria      Tloc           5%         N/A       26%         4
 Death Channel            Necr           2%         N/A       98%         6


Dungeon Overview and Level Annotations

Branches:
Dungeon (9/15)             Temple (0/1) D:6             Orc (1/2) D:9
   Lair: D:8-11

Altars:
Cheibriados
Gozag
Hepliaklqana
Makhleb
Okawaru
Sif Muna
Uskayaw
Wu Jian
Yredelemnul

Shops:
D:5 ?


Innate Abilities, Weirdness & Mutations

You cannot be hasted, slowed, berserked, paralysed or teleported.
You can dig through walls and to a lower floor.
You have a pair of large antennae on your head. (SInv)
Your four strong arms can wield two-handed weapons with a shield.


Message History

An orc wizard comes into view. It is wielding a +0 dagger.
The orc warrior barely misses you.
There is a stone staircase leading down here.
The orc wizard casts a spell at you.
The magic dart hits you but does no damage.
Items here: )) [ †.
The orc high priest utters an invocation to Beogh.
The orc wizard gestures wildly while chanting.
The orc wizard flickers and vanishes for a moment.
The orc warrior barely misses you.
There is a staircase back to the Dungeon here.
Unknown command.
The orc shouts!
The orc warrior hits you from afar with a +0 glaive!
* * * LOW HITPOINT WARNING * * *
The orc high priest utters an invocation to Beogh.
The orc warrior closely misses you.
The orc wizard hits you but does no damage.
The ogre misses you.
Things that are here:
a +0 giant club; an ogre corpse The rust devil disappears in a puff of smoke!
The warg barely misses you.
The orc wizard hits you but does no damage.
The warg misses you.
The kobold blastminer shoots a bolt.
The bolt barely misses the orc wizard.
The bolt hits you.
* * * LOW HITPOINT WARNING * * *
The orc wizard barely misses you. The warg bites you!
* * * LOW HITPOINT WARNING * * *
The kobold blastminer shoots a bolt.
The bolt hits the orc wizard!!
The orc wizard dies!
The sixfirhy barely misses you. The ogre misses you.
There is a staircase back to the Dungeon, spattered with blood here.
Unknown command.
The sixfirhy barely misses you. The sixfirhy closely misses you.
The warg closely misses you. The sixfirhy closely misses you.
The orc warrior misses you.
The orc high priest mumbles some strange prayers to Beogh against you.
Beogh smites you!
You die...

#Ko.# ....## ##
...#.##....##.##
$o.o.o#....#...###
#.{......#.#..##
##.K#...........#
#.3o).....)......
##.).$>Oo.....#..
..###$..4..oh3)......
.......))..O@)..)....
..)......)...).......
##...................
##............#..#.#
##..........#....#
#..............##
##.#..###.##..##
###### ### ###


You could see an orc high priest, a kobold blastminer, 2 sixfirhies, a warg, a
chaos spawn (summoned), an orc warrior (drained), 2 ogres, 2 orc wizards and an
orc.

Vanquished Creatures
  Gastronok (D:8)
  Pikel (D:8)
  Joseph (D:8)
  Maggie (D:9)
  2 trolls
  Prince Ribbit (D:8)
  2 shadows (D:9)
  2 wyverns (D:9)
  4 yaks (D:8)
  A warg (Orc:1)
  A steam dragon (D:7)
  A water moccasin (D:6)
  3 black bears
  6 orc warriors
  An ice beast (D:4)
  A sky beast (D:8)
  6 ogres
  A phantom (D:9)
  4 lemures (D:8)
  4 kobold brigands
  2 scorpions
  6 bullfrogs
  4 wights (D:9)
  A troll zombie (D:9)
  6 killer bees (D:9)
  14 howler monkeys
  4 electric eels (D:7)
  2 bombardier beetles
  3 hounds
  5 orc priests
  4 iguanas
  2 jellies
  A sleepcap (D:4)
  12 orc wizards
  5 ogre zombies (D:9)
  5 adders
  2 ufetubi (D:6)
  3 ribbon worms
  25 orcs
  4 ball pythons
  7 endoplasms
  3 giant cockroaches
  4 goblins
  6 hobgoblins
  5 jackals
  23 kobolds
  4 quokkas
  2 bats
  2 frilled lizards (D:2)
  4 gnoll skeletons (D:9)
  3 gnoll zombies (D:9)
  2 orc skeletons (D:9)
  10 orc zombies (D:9)
  6 rats
235 creatures vanquished.

Vanquished Creatures (others)
  An orc wizard (Orc:1)
1 creature vanquished.

Grand Total: 236 creatures vanquished

Notes
Turn   | Place    | Note
-------+----------+-------------------------------------------
     0 | D:1      | mopl the Formicid Alchemist began the quest for the Orb.
     0 | D:1      | Reached XP level 1. HP: 13/13 MP: 3/3
   131 | D:1      | Reached skill level 1 in Conjurations
   159 | D:1      | Reached XP level 2. HP: 5/19 MP: 0/5
   518 | D:2      | Reached XP level 3. HP: 24/24 MP: 1/7
   567 | D:2      | Reached skill level 5 in Alchemy
   875 | D:3      | Reached XP level 4. HP: 30/30 MP: 5/8
   880 | D:3      | Learned a level 4 spell: Olgreb's Toxic Radiance
  1258 | D:3      | Found a shimmering blue altar of Sif Muna.
  1261 | D:3      | Found a snail-covered altar of Cheibriados.
  1264 | D:3      | Found a hazy altar of Hepliaklqana.
  1264 | D:3      | Found an opulent altar of Gozag.
  1266 | D:3      | Became a worshipper of Cheibriados the Contemplative
  1273 | D:3      | Found a burning altar of Makhleb.
  1484 | D:4      | Reached skill level 1 in Armour
  1580 | D:4      | Reached skill level 1 in Fighting
  1580 | D:4      | Reached XP level 5. HP: 32/37 MP: 1/9
  1595 | D:4      | Reached skill level 1 in Axes
  1595 | D:4      | Reached skill level 1 in Invocations
  1676 | D:4      | Found an ornate altar of the Wu Jian Council.
  1697 | D:4      | Reached XP level 6. HP: 39/43 MP: 6/10
  1799 | D:4      | Noticed an ice beast
  1811 | D:4      | Killed an ice beast
  1812 | D:4      | Reached skill level 6 in Alchemy
  1833 | D:4      | Reached * piety under Cheibriados
  1916 | D:4      | Reached XP level 7. HP: 45/50 MP: 3/11
  2089 | D:4      | Reached XP level 8. HP: 27/58 MP: 1/12
  2099 | D:4      | Identified the +6 hand axe of the Eel {drain, *Noise rN+
                  | Int+4}
  2514 | D:5      | Entered Level 5 of the Dungeon
  2697 | D:5      | Found Jofasueg's Magic Scroll Shoppe.
  2709 | D:5      | Reached ** piety under Cheibriados
  2713 | D:5      | Reached skill level 7 in Alchemy
  2763 | D:5      | Bought a scroll of vulnerability for 52 gold pieces
  2763 | D:5      | Bought a scroll of identify for 26 gold pieces
  2763 | D:5      | Bought a scroll of silence for 123 gold pieces
  3174 | D:6      | Identified the +3 sling of Hasmaeh {flame, *Corrode Fly
                  | rElec Str+8}
  3228 | D:6      | Found a basalt altar of Yredelemnul.
  3259 | D:6      | Found a staircase to the Ecumenical Temple.
  3704 | D:7      | Learned a level 5 spell: Yara's Violent Unravelling
  3720 | D:7      | Found an iron altar of Okawaru.
  3729 | D:7      | Reached XP level 9. HP: 65/65 MP: 5/13
  3918 | D:7      | Reached skill level 5 in Invocations
  3925 | D:7      | Reached skill level 8 in Alchemy
  4101 | D:7      | Reached skill level 5 in Armour
  4163 | D:7      | Reached skill level 5 in Fighting
  4562 | D:8      | Reached *** piety under Cheibriados
  4574 | D:8      | Reached XP level 10. HP: 36/74 MP: 7/14
  4750 | D:8      | Reached skill level 5 in Axes
  4750 | D:8      | Reached skill level 5 in Dodging
  4904 | D:8      | Reached skill level 9 in Alchemy
  4992 | D:8      | Noticed Pikel
  5000 | D:8      | Killed Pikel
  5175 | D:8      | Noticed Joseph
  5185 | D:8      | Killed Joseph
  5212 | D:8      | Noticed Prince Ribbit
  5225 | D:8      | Killed Prince Ribbit
  5304 | D:8      | Noticed Gastronok
  5322 | D:8      | Killed Gastronok
  5323 | D:8      | Reached XP level 11. HP: 53/83 MP: 2/16
  5469 | D:9      | Reached **** piety under Cheibriados
  5615 | D:9      | Reached skill level 10 in Alchemy
  5661 | D:9      | Noticed Maggie
  5732 | D:9      | Killed Maggie
  5896 | D:9      | Found a staircase to the Orcish Mines.
  5961 | D:9      | Found a hide-covered altar of Uskayaw.
  6334 | Orc:1    | Entered Level 1 of the Orcish Mines
  6337 | Orc:1    | Reached ***** piety under Cheibriados
  6380 | Orc:1    | Reached skill level 1 in Evocations
  6384 | Orc:1    | Noticed an orc high priest
  6390 | Orc:1    | Noticed a sixfirhy
  6391 | Orc:1    | Noticed a sixfirhy
  6392 | Orc:1    | Killed from afar by an orc high priest

Illustrated notes

Levels and vault maps discovered:
D:1:      dpeg_arrival_chambers_temple_mockup, layout_basic
D:2:      layout_rooms
D:3:      layout_basic, nicolae_overflow_hallway_of_the_gods
D:4:      layout_basic, kennysheep_mini, minmay_mini_jars
D:5:      layout_cave_pools, serial_shops, shop
D:6:      layout_gridville, mainiacjoe_overflow_catwalk,
          minmay_temple_entry_arrows
D:7:      layout_basic, okawaru_ov_weapons_minmay, serial_aquarium,
          aquarium_bridge_long_joined [aquarium_subvault_bridge,
          aquarium_subvault_balcony, aquarium_subvault_bridge,
          aquarium_subvault_window, aquarium_subvault_wall,
          aquarium_subvault_bridge], aquarium_bridge_square
          [aquarium_subvault_balcony, aquarium_subvault_bridge,
          aquarium_subvault_window, aquarium_subvault_window],
          aquarium_window_1, aquarium_window_3, aquarium_window_fake,
          aquarium_window_1, aquarium_view_4, aquarium_view_2c,
          aquarium_balcony_3b
D:8:      layout_gridville, uniq_gastronok, uniq_pikel, uniq_joseph,
          uniq_prince_ribbit1
D:9:      layout_loops_ring, mainiacjoe_overflow_alcove_4, zombieorc1_lemuel,
          serial_ice, serial_ice_c, serial_ice_e, serial_ice_j, serial_ice_m,
          serial_ice_g, chequers_serial_rivers_micro_e, abandoned_shop,
          uniq_maggie
Orc:1:    layout_caves

Skill      XL: |  1  2  3  4  5  6  7  8  9 10 11 |
---------------+----------------------------------+-----
Conjurations   | 1 |  1.0
Spellcasting   | 3 |  3.0
Alchemy        | 5 6 7 8 9 10 | 10.4
Armour         | 1 2 3 4 5 6 7 |  7.6
Dodging        | 2 3 4 5 6 |  6.6
Fighting       | 1 2 3 4 5 6 7 |  7.5
Axes           | 1 2 3 4 6 |  6.9
Invocations    | 1 2 3 4 5 7 8 |  8.1
Evocations     | 1 |  1.0
Stealth        | |  2.4

Action                     |  1- 3 |  4- 6 |  7- 9 | 10-12 || total
---------------------------+-------+-------+-------+-------++-------
  Melee: Unarmed           |    20 |       |       |       ||    20
         Short sword       |    27 |    35 |    16 |       ||    78
         Mace              |     6 |       |       |       ||     6
         Punch             |       |     1 |     3 |     7 ||    11
         Hand axe          |       |       |    97 |   250 ||   347
   Cast: Sting             |    42 |    75 |    13 |     3 ||   133
         Olgreb's Toxic Ra |       |     2 |    24 |    32 ||    58
Ability: Dig               |       |       |     4 |       ||     4
  Evoke: Wand              |       |       |       |     4 ||     4
    Use: Scroll            |       |       |     7 |     1 ||     8
   Stab: Sleeping          |       |       |     1 |     1 ||     2
 Armour: Robe              |    39 |    35 |    27 |       ||   101
         Ring mail         |       |       |    56 |       ||    56
         Steam dragon scal |       |       |     8 |    17 ||    25
         Troll leather arm |       |       |       |    73 ||    73
         Swamp dragon scal |       |       |       |    35 ||    35
  Dodge: Dodged            |    48 |    43 |    77 |   189 ||   357
